 Dungeon Crawl Stone Soup version 0.28-a0-751-gef3a642a4e (webtiles) character file.

Game seed: 14799121079733392000

6349 jasper the Martial Artist (level 10, -5/79 HPs)
             Began as a Demonspawn Transmuter on Oct 30, 2021.
             Was an Elder of Okawaru.
             Slain by a two-headed ogre (14 damage)
             ... on level 11 of the Dungeon.
             The game lasted 00:17:16 (10567 turns).

jasper the Martial Artist (Demonspawn Transmuter)  Turns: 10567, Time: 00:17:16

Health: -5/79      AC: 14    Str: 16    XL:     10   Next: 65%
Magic:  0/13       EV: 14    Int: 23    God:    Okawaru [****..]
Gold:   301        SH:  6    Dex: 14    Spells: 9/13 levels left

rFire   . . .      SeeInvis .     - Unarmed
rCold   . . .      Faith    .   d - +0 buckler
rNeg    + + .      Spirit   +   e - +1 ring mail
rPois   .          Reflect  .   (no helmet)
rElec   .          Harm     .   (no cloak)
rCorr   .          Rampage  .   g - +0 pair of gloves
Will    .....                   s - +1 pair of boots
Stlth   ++........              t - amulet of guardian spirit
HPRegen 0.23/turn               c - ring of protection from fire
MPRegen 0.26/turn               q - ring "Umudyklett" {rF- rN++ Str+6 Int+5}

@: heroic, studying Necromancy
A: hooves 2, molten scales 2, powered by death 1, magic regeneration
a: Renounce Religion, Heroism, Finesse


You were on level 11 of the Dungeon.
You worshipped Okawaru.
Okawaru was greatly pleased with you.
You visited 1 branch of the dungeon, and saw 11 of its levels.
You also visited: Sewer.

You collected 521 gold pieces.
You spent 220 gold pieces at shops.

Inventory:

Missiles
 b - 200 stones
 h - 2 curare-tipped darts
 k - 14 boomerangs (quivered)
Armour
 a - a +0 robe
 d - a +0 buckler (worn)
 e - a +1 ring mail (worn)
 g - a +0 pair of gloves (worn)
 s - a +1 pair of boots (worn)
 B - a +0 troll leather armour
Jewellery
 c - a ring of protection from fire (left hand)
 n - a ring of resist corrosion
 q - the ring "Umudyklett" (right hand) {rF- rN++ Str+6 Int+5}
   (You found it on level 7 of the Dungeon)

   [ring of strength]

   Str:       It affects your strength (+6).
   Int:       It affects your intelligence (+5).
   rF:        It makes you vulnerable to fire.
   rN:        It greatly protects you from negative energy.
 t - an amulet of guardian spirit (around neck)
 u - an amulet of the acrobat
 A - an amulet of magic regeneration
Scrolls
 f - a scroll of enchant armour
 i - 2 scrolls of fog
 j - 5 scrolls of noise
 m - a scroll of amnesia
 o - 7 scrolls of teleportation
 p - a scroll of blinking
 v - a scroll of magic mapping
 w - a scroll of summoning
 y - a scroll of immolation
Potions
 l - 5 potions of flight
 r - a potion of brilliance
 x - a potion of heal wounds
 z - a potion of berserk rage {unknown}


   Skills:
 + Level 7.0(12.0) Fighting
 - Level 3.8(8.8) Armour
 - Level 4.0(9.0) Dodging
 + Level 2.5(7.5) Shields
 * Level 9.7(14.7) Unarmed Combat
 - Level 2.0 Spellcasting
 - Level 7.0 Transmutations
 - Level 4.3 Invocations


You had 9 spell levels left.
You knew the following spells:

 Your Spells              Type           Power      Damage    Failure   Level
b - Wereblood             Tmut           34%        N/A       1%          2
c - Passwall              Tmut/Erth      15%        N/A       8%          2

Your spell library contained the following spells:

 Spells                   Type           Power      Damage    Failure   Level
 Beastly Appendage        Tmut           68%        N/A       1%          1
 Spider Form              Tmut/Pois      9%         N/A       16%         3
 Sandblast                Erth           4%         2d4       22%         1
 Slow                     Hex            8%         N/A       22%         1
 Sublimation of Blood     Necr           1%         N/A       32%         2
 Ice Form                 Ice/Tmut       18%        N/A       45%         4
 Confusing Touch          Hex            2%         N/A       54%         3
 Stone Arrow              Conj/Erth      4%         3d7       54%         3
 Yara's Violent Unravell  Hex/Tmut       9%         3d6       80%         5
 Iskenderun's Battlesphe  Conj           2%         2d6       99%         5
 Iron Shot                Conj/Erth      1%         9d1       100%        6
 Spellforged Servitor     Conj/Summ      Unusable   N/A       N/A         7
 Summon Hydra             Summ           Unusable   N/A       N/A         7

Dungeon Overview and Level Annotations

Branches:
Dungeon (11/15)            Temple (0/1) D:6           Sewer (visited)
   Lair: D:8-11         Orc: D:9-12

Altars:
Cheibriados
Fedhas
Gozag
Kikubaaqudgha
Nemelex Xobeh
Okawaru
Trog
Vehumet
Xom
Zin

Shops:
D:10 ?

Annotations:
D:10 Fannar


Innate Abilities, Weirdness & Mutations

You have hoof-like feet.
You are mostly covered in molten scales. (AC +3)
You regenerate a little health from kills.
You regenerate magic rapidly.


Message History

The troll leather armour is intact enough to wear.
Your base Fighting skill increases to level 7!
You regained 2 hp, and now have 61/79 hp.
A two-headed ogre comes into view. It is wielding two +0 giant clubs.
The two-headed ogre barely misses you. x2
There is an open door, spattered with blood here.
Things that are here:
a +0 troll leather armour; a troll corpse
B - a +0 troll leather armour The two-headed ogre hits you with a +0 giant club.
The two-headed ogre hits you but does no damage.
You hit the two-headed ogre but do no damage.
You barely miss the two-headed ogre. You block the two-headed ogre's attack.
The two-headed ogre hits you with a +0 giant club!
You take 11 damage, and have 52/79 hp.
You now have 6/13 mp.
You hit the two-headed ogre.
The two-headed ogre is lightly wounded.
You block the two-headed ogre's attack. x2
You hit the two-headed ogre.
The two-headed ogre is lightly wounded.
You hit the two-headed ogre.
The two-headed ogre is moderately wounded.
You block the two-headed ogre's attack.
The two-headed ogre hits you with a +0 giant club!
You take 10 damage, and have 42/79 hp.
You now have 5/13 mp.
You closely miss the two-headed ogre.
The two-headed ogre is moderately wounded.
You barely miss the two-headed ogre.
The two-headed ogre is moderately wounded.
The two-headed ogre hits you with a +0 giant club!
The two-headed ogre hits you but does no damage.
You take 14 damage, and have 29/79 hp.
You now have 4/13 mp.
You hit the two-headed ogre.
The two-headed ogre is moderately wounded.
You completely miss the two-headed ogre.
The two-headed ogre is moderately wounded.
The two-headed ogre hits you with a +0 giant club!!
* * * LOW HITPOINT WARNING * * *
The two-headed ogre hits you with a +0 giant club!
You die...

. #......... # .
#........ ..#.#.......
## ..#......#...
.'......'. #......#
#...O..# #@### #...##
####### ###..# .......
#########'####.........
#...........##.........
#...........##.........
#......................
#...........#..........
+...........#..........


You could see a two-headed ogre.

Vanquished Creatures
  Josephine (D:10)
  A two-headed ogre (D:9)
  Psyche (D:8)
  A troll (D:11)
  A hornet (D:10)
  2 shadows
  A wyvern (D:9)
  4 wraiths (D:10)
  A yak (D:9)
  An acid dragon (D:11)
  A water moccasin (D:9)
  A sky beast (D:6)
  2 black bears (D:4)
  An orc warrior (D:9)
  A necrophage (D:7)
  A phantom (D:4)
  7 centaurs
  2 kobold brigands (D:9)
  3 bullfrogs (D:8)
  A scorpion (D:5)
  A wyvern skeleton (D:7)
  A water moccasin skeleton (D:4)
  5 wights (D:6)
  2 centaur zombies
  3 jellies
  6 orc priests
  A centaur skeleton (D:4)
  2 gnoll shamans
  A bullfrog skeleton (D:4)
  3 hounds
  2 iguanas
  3 orc wizards
  A mummy (D:5)
  6 gnolls
  10 adders
  A white imp (D:6)
  An ufetubus (D:6)
  An adder skeleton (D:4)
  7 worms
  3 dart slugs
  26 orcs
  4 ball pythons
  12 bats
  13 endoplasms
  7 giant cockroaches
  7 hobgoblins
  4 jackals (Sewer)
  6 quokkas
  4 frilled lizards
  7 goblins
  10 kobolds
  5 rats
199 creatures vanquished.

Notes
Turn   | Place    | Note
-------+----------+-------------------------------------------
     0 | D:1      | jasper the Demonspawn Transmuter began the quest for the
                  | Orb.
     0 | D:1      | Reached XP level 1. HP: 15/15 MP: 3/3
   217 | D:1      | Reached skill level 3 in Unarmed Combat
   351 | D:1      | Lost mutation: You have razor-sharp toenails. [demonic
                  | ancestry]
   351 | D:1      | Lost mutation: You have sharp toenails. [demonic ancestry]
   351 | D:1      | Gained mutation: You have large cloven feet. [demonic
                  | ancestry]
   351 | D:1      | Reached XP level 2. HP: 13/21 MP: 3/5
  1292 | D:2      | Found an iron altar of Okawaru.
  1307 | D:2      | Became a worshipper of Warmaster Okawaru
  1333 | D:2      | Gained mutation: You are partially covered in molten
                  | scales. (AC +2) [demonic ancestry]
  1333 | D:2      | Reached XP level 3. HP: 25/27 MP: 3/6
  1442 | D:2      | Found a faded altar of an unknown god.
  1493 | D:2      | Learned a level 2 spell: Wereblood
  1496 | D:2      | Learned a level 2 spell: Passwall
  1993 | D:3      | Found a blossoming altar of Fedhas.
  2045 | D:3      | Reached skill level 1 in Armour
  2045 | D:3      | Reached skill level 4 in Unarmed Combat
  2045 | D:3      | Reached XP level 4. HP: 33/33 MP: 7/7
  2192 | D:3      | Noticed a centaur
  2212 | D:3      | Killed a centaur
  2212 | D:3      | Reached * piety under Okawaru
  2213 | D:3      | Lost mutation: You have razor-sharp toenails. [demonic
                  | ancestry]
  2213 | D:3      | Lost mutation: You have sharp toenails. [demonic ancestry]
  2213 | D:3      | Gained mutation: You have hoof-like feet. [demonic
                  | ancestry]
  2213 | D:3      | Reached XP level 5. HP: 7/39 MP: 8/8
  2653 | D:4      | Noticed a phantom
  3015 | D:4      | Reached XP level 6. HP: 42/47 MP: 6/9
  3019 | D:4      | Reached skill level 5 in Unarmed Combat
  3413 | D:4      | Found a snail-covered altar of Cheibriados.
  3556 | D:4      | HP: 2/47 [gnoll (5)]
  3569 | D:3      | HP: 2/47 [gnoll (2)]
  3935 | D:4      | Gained mutation: You regenerate a little health from kills.
                  | [demonic ancestry]
  3935 | D:4      | Reached XP level 7. HP: 38/53 MP: 7/10
  4180 | D:4      | Reached ** piety under Okawaru
  4283 | D:4      | Found a shimmering altar of Xom.
  4425 | D:4      | Reached skill level 6 in Unarmed Combat
  4776 | D:5      | Entered Level 5 of the Dungeon
  4808 | D:5      | Found a glowing drain.
  4837 | Sewer    | Entered a sewer
  5874 | D:6      | Gained mutation: You are mostly covered in molten scales.
                  | (AC +3) [demonic ancestry]
  5874 | D:6      | Reached XP level 8. HP: 61/61 MP: 7/11
  6069 | D:6      | Reached skill level 1 in Invocations
  6105 | D:6      | Found a staircase to the Ecumenical Temple.
  6106 | D:6      | Found an ancient bone altar of Kikubaaqudgha.
  6106 | D:6      | Found a sparkling altar of Nemelex Xobeh.
  6161 | D:6      | Reached skill level 7 in Unarmed Combat
  6772 | D:7      | Identified the ring "Umudyklett" {rF- rN++ Str+6 Int+5}
  7167 | D:7      | Found a bloodstained altar of Trog.
  7168 | D:7      | Found a radiant altar of Vehumet.
  7196 | D:7      | Reached skill level 5 in Transmutations
  7727 | D:8      | Reached XP level 9. HP: 66/66 MP: 10/12
  7992 | D:8      | Reached *** piety under Okawaru
  8369 | D:8      | Noticed Psyche
  8660 | D:8      | Killed Psyche
  9218 | D:9      | Reached skill level 5 in Fighting
  9255 | D:9      | Noticed a two-headed ogre
  9298 | D:9      | Killed a two-headed ogre
  9298 | D:9      | Reached **** piety under Okawaru
  9299 | D:9      | Reached skill level 8 in Unarmed Combat
  9320 | D:9      | Gained mutation: You regenerate magic rapidly. [demonic
                  | ancestry]
  9320 | D:9      | Reached XP level 10. HP: 49/76 MP: 8/13
  9380 | D:9      | HP: 3/76 [killer bee (7)]
  9383 | D:10     | Entered Level 10 of the Dungeon
  9718 | D:10     | Found an opulent altar of Gozag.
  9749 | D:10     | Paralysed by a hornet for 3 turns
  9757 | D:10     | Paralysed by a hornet for 2 turns
  9774 | D:10     | Received a gift from Okawaru
 10170 | D:10     | Noticed Josephine
 10183 | D:10     | Killed Josephine
 10184 | D:10     | Reached skill level 1 in Shields
 10184 | D:10     | Reached skill level 9 in Unarmed Combat
 10256 | D:10     | Noticed Fannar
 10289 | D:10     | Found Vuptiept's Magic Scroll Shop.
 10444 | D:10     | Bought a scroll of blinking for 97 gold pieces
 10444 | D:10     | Bought a scroll of teleportation for 39 gold pieces
 10444 | D:10     | Bought a scroll of teleportation for 39 gold pieces
 10444 | D:10     | Bought a scroll of immolation for 45 gold pieces
 10557 | D:11     | Noticed a two-headed ogre
 10567 | D:11     | Slain by a two-headed ogre

Illustrated notes

Levels and vault maps discovered:
D:1:      saegor_arrival_simple_c, layout_basic
D:2:      layout_rooms, shapermc_ecumenical_altar_hornbeckon, basic_altar
D:3:      layout_rooms, lemuel_crystal_altar, chequers_mini_garden
D:4:      layout_basic, chei_slow_surprise, xom_butterflies,
          minmay_misc_feat_chi
D:5:      layout_gridville, gup_ossuary_entry_pyramid, gup_sewer_entry_pipe,
          lightli_minifort
D:6:      layout_rooms, zin_treasury, mainiacjoe_overflow_divided_tiny,
          minmay_temple_entry_drinking_statues
D:7:      layout_basic, mainiacjoe_overflow_catwalk_spiral, serial_corexii_hall,
          corexii_hall_statues_i, chequers_hall_statues_wall_a
D:8:      layout_loops_corners, kennysheep_pointless_box, minmay_manual_mares,
          uniq_psyche
D:9:      minmay_four_partial_circles, layout_rooms, uniq_joseph, uniq_maurice
D:10:     layout_roguey, mainiacjoe_overflow_six_doors_small,
          mainiacjoe_overflow_tiny_flanked, serial_shops, nicolae_stop_n_shop_2,
          uniq_fannar, uniq_josephine, uniq_erolcha
D:11:     layout_roguey, erik_lair_orcish_takeover, minivault_4, hex_medium,
          chequers_jeans, eat_drink_and_be_merry_uskayaw

Skill      XL: |  1  2  3  4  5  6  7  8  9 10 |
---------------+-------------------------------+-----
Unarmed Combat | 3 4 5 6 7 8 9 |  9.7
Fighting       | 2 3 4 5 7 |  7.0
Armour         | 1 2 3 |  3.8
Invocations    | 4 |  4.3
Transmutations | 5 7 |  7.0
Dodging        | 3 4 |  4.0
Shields        | 2 |  2.5
Spellcasting   | |  2.0

Action                   |  1- 3 |  4- 6 |  7- 9 | 10-12 || total
-------------------------+-------+-------+-------+-------++-------
Melee: Unarmed           |    99 |   169 |   415 |    93 ||   776
       Kick              |    22 |    38 |    72 |       ||   132
       Headbutt          |    11 |    13 |     6 |       ||    30
       Punch             |       |     3 |    19 |     5 ||    27
Throw: Stone             |    12 |    10 |    17 |       ||    39
       Dart              |       |       |       |     2 ||     2
 Cast: Beastly Appendage |    26 |    15 |     4 |       ||    45
       Wereblood         |       |       |     8 |     3 ||    11
Invok: Heroism           |       |     4 |    17 |     6 ||    27
  Use: Scroll            |     3 |       |     8 |     2 ||    13
       Potion            |       |     2 |     3 |     1 ||     6
Armor: Robe              |     5 |       |       |       ||     5
       Ring mail         |    29 |    74 |   217 |    42 ||   362
Dodge: Dodged            |    43 |    74 |   230 |    43 ||   390
Block: Buckler           |       |       |       |    10 ||    10

Table legend: (Time is in decaauts)
 A = Elapsed time spent in this place.
 B = Non-inter-level travel time spent in this place.
 C = Inter-level travel time spent in this place.
 D = Time resting spent in this place.
 E = Time spent auto-exploring this place.
 F = Levels seen in this place.
 G = Mean time per level.
                   A        B        C        D        E       F      G
               +--------+--------+--------+--------+--------+-----+--------+
         Total |  10582 |  10321 |    261 |   2574 |   5585 |  12 |  881.8 |
       Dungeon |   9881 |   9620 |    261 |   2457 |   5241 |  11 |  898.3 |
         Sewer |    701 |    701 |      0 |    117 |    344 |   1 |  701.0 |
               +--------+--------+--------+--------+--------+-----+--------+

Top non-repeatable levels by time:
     D:4: 1608 daAuts
     D:7: 1315 daAuts
     D:3: 1293 daAuts
     D:1: 1258 daAuts
     D:8: 1119 daAuts
    D:10: 1058 daAuts
     D:6: 758 daAuts
   Sewer: 701 daAuts
     D:2: 598 daAuts
     D:9: 394 daAuts
     D:5: 361 daAuts
    D:11: 115 daAuts
